 Dungeon Crawl Stone Soup version 0.32-a0-981-g384da2ce10 (webtiles) character file.

Game seed: 13031649151782287696

1015 DrKenneth the Covered (level 8, -1/71 HPs)
             Began as a Minotaur Fighter on Apr 20, 2024.
             Slain by an orc wizard
             ... wielding a +0 dagger
              (4 damage)
             ... on level 5 of the Dungeon.
             The game lasted 00:08:30 (4161 turns).

DrKenneth the Covered (Minotaur Fighter)            Turns: 4161, Time: 00:08:32

Health: -1/71      AC: 11    Str: 24    XL:     8   Next: 1%
Magic:  7/7        EV:  8    Int:  5    God:
Gold:   167        SH:  5    Dex:  9    Spells: 7/7 levels left

rFire   . . .        a - +0 war axe
rCold   . . .        c - +0 buckler
rNeg    . . .        b - +0 scale mail
rPois   .            (helmet restricted)
rElec   .            r - +0 cloak
rCorr   +            (no gloves)
SInv    .            o - +1 pair of boots
Will    .....        (no amulet) Stlth
                     s - ring of resist corrosion
HPRegen 0.31/turn    (no ring)
MPRegen 0.10/turn

%: no passive effects
@: no status effects
A: horns 2, retaliatory headbutt
a: Convert to Beogh


You were on level 5 of the Dungeon.
You visited 1 branch of the dungeon, and saw 5 of its levels.

You collected 167 gold pieces.

Inventory:

Hand Weapons
 a - a +0 war axe (weapon)
 x - a +0 battleaxe
Armour
 b - a +0 scale mail (worn)
 c - a +0 buckler (worn)
 o - a +1 pair of boots (worn)
 r - a +0 cloak (worn)
Jewellery
 s - a ring of resist corrosion (left hand)
Wands
 w - a wand of paralysis (1)
Scrolls
 g - a scroll of poison {unknown}
 h - a scroll of amnesia
 i - a scroll of fog
 k - 2 scrolls of identify
 l - a scroll of vulnerability
 u - a scroll of teleportation {unknown}
 v - a scroll of enchant weapon {unknown}
Potions
 d - 2 potions of might
 e - a potion of brilliance
 f - a potion of curing {unknown}
 j - 4 potions of degeneration {unknown}
 m - a potion of resistance {unknown}
 n - 2 potions of heal wounds {unknown}
 p - a potion of magic {unknown}
 t - 2 potions of ambrosia {unknown}
 z - a potion of attraction {unknown}
 A - 2 potions of mutation {unknown}


   Skills:
 + Level 6.6 Fighting
 + Level 5.9 Axes
 + Level 6.6 Armour
 + Level 6.6 Shields


You had 7 spell levels left.
You didn't know any spells.
Your spell library contained the following spells:

 Spells                   Type           Power      Damage    Failure   Level
 Blink                    Tloc           0%         N/A       91%         2
 Lesser Beckoning         Tloc           0%         N/A       91%         2
 Momentum Strike          Conj/Tloc      0%         3d8       91%         2
 Fugue of the Fallen      Necr           0%         N/A       99%         3
 Inner Flame              Hex/Fire       0%         N/A       99%         3
 Ozocubu's Armour         Ice            0%         N/A       99%         3
 Irradiate                Conj/Alch      0%         3d11      100%        5
 Manifold Assault         Tloc           0%         N/A       100%        7
 Ignition                 Fire           0%         3d3       100%        8


Dungeon Overview and Level Annotations

Branches:
Dungeon (5/15)
 Temple: D:4-7

Altars:
Ashenzari
Xom
Zin

Shops:
D:1 =


Innate Abilities, Weirdness & Mutations

You have a pair of horns on your head.
You reflexively headbutt those who attack you in melee.


Message History

Something tries to affect you, but you resist.
You completely miss something. Your headbutt misses something.
Something hits you but does no damage.
You closely miss something. Your headbutt misses something.
You hear some strange, mumbled words.
A puff of flame appears from out of thin air!
The puff of flame hits you!
You feel less confused.
The orc priest mumbles some strange prayers to Beogh against you.
Beogh smites you!
You hit something but do no damage.
The orc priest begins to cast a cantrip, but forgets the words!
You hear some strange, mumbled words.
A puff of flame appears from out of thin air!
The puff of flame hits you.
You miss something. Your headbutt misses something.
Something hits you but does no damage.
The orc priest calls down the wrath of Beogh upon you.
Beogh smites you!
* * * LOW HITPOINT WARNING * * *
You hear some strange, mumbled words.
A magic dart appears from out of thin air!
The magic dart hits you but does no damage.
You barely miss something. Your headbutt misses something.
Something hits you but does no damage.
You barely miss something.
The orc priest mumbles some strange prayers to Beogh against you.
Beogh smites you!
* * * LOW HITPOINT WARNING * * *
You hear some strange, mumbled words.
A puff of flame appears from out of thin air!
The puff of flame hits you.
* * * LOW HITPOINT WARNING * * *
As you read the scroll labelled MYDEBA LIAROU, it crumbles to dust.
You hear a loud clanging noise!
It was a scroll of noise.
The orc priest threatens, "Beogh's wrath is as vast as their mercy.
Make your choice!"
You hear a shout! x2
Something hits you.
You die...

..## ..## #......
...# ##.......
...### #........
.....#########
#...o....
........))...####
#..oo....
...########.....#
#.>.:.... ..##
#.....#####........
.##
####..@{oo.........
## #..#####........
##.# #........ #.#
#........ #.#
#.......[ ...
......... #..
##....... ##
#......


You could see an orc priest and an orc.

Vanquished Creatures
  A water moccasin (D:5)
  A bullfrog (D:4)
  4 scorpions
  4 crimson imps (D:4)
  2 bombardier beetles
  2 orc priests (D:5)
  Jessica (D:3)
  An iguana (D:4)
  Natasha (thrice) (D:2)
  Terence (D:2)
  2 orc wizards (D:5)
  A gnoll (D:4)
  4 adders
  A white imp (D:5)
  2 dart slugs (D:1)
  A ribbon worm (D:2)
  11 orcs
  5 ball pythons
  7 endoplasms
  A giant cockroach (D:4)
  7 hobgoblins
  4 jackals (D:2)
  2 quokkas
  11 bats
  6 frilled lizards
  9 goblins
  4 kobolds
  4 rats
102 creatures vanquished.

Notes
Turn   | Place    | Note
-------+----------+-------------------------------------------
     0 | D:1      | DrKenneth the Minotaur Fighter began the quest for the Orb.
     0 | D:1      | Reached XP level 1. HP: 19/19 MP: 0/0
   115 | D:1      | Reached XP level 2. HP: 26/27 MP: 1/1
   648 | D:1      | Found Soameix's Jewellery Boutique.
   677 | D:1      | Reached XP level 3. HP: 33/33 MP: 2/2
   837 | D:1      | Found a faded altar of an unknown god.
   910 | D:2      | Noticed Natasha
   920 | D:2      | Killed Natasha
   921 | D:2      | Reached XP level 4. HP: 32/40 MP: 3/3
  1024 | D:2      | Noticed Natasha
  1029 | D:2      | Killed Natasha
  1072 | D:2      | Noticed Natasha
  1080 | D:2      | Killed Natasha
  1459 | D:2      | Noticed Terence
  1466 | D:2      | Killed Terence
  1467 | D:2      | Reached XP level 5. HP: 26/44 MP: 4/4
  1659 | D:3      | Found a broken altar of Ashenzari.
  1852 | D:3      | Noticed Jessica
  1856 | D:3      | Killed Jessica
  1941 | D:3      | Reached skill level 5 in Armour
  2110 | D:3      | Reached skill level 5 in Fighting
  2110 | D:3      | Reached skill level 5 in Shields
  2663 | D:4      | Reached XP level 6. HP: 36/56 MP: 5/5
  2894 | D:4      | Found a shimmering altar of Xom.
  3084 | D:4      | Found a glowing silver altar of Zin.
  3162 | D:4      | Reached XP level 7. HP: 62/62 MP: 6/6
  3309 | D:4      | Reached skill level 5 in Axes
  3821 | D:5      | Entered Level 5 of the Dungeon
  3863 | D:4      | Paralysed by a crimson imp for 1 turns
  4141 | D:5      | Reached XP level 8. HP: 57/71 MP: 7/7
  4160 | D:5      | HP: 2/71 [something/puff of flame (5)]
  4161 | D:5      | Slain by an orc wizard

Illustrated notes

Levels and vault maps discovered:
D:1:      ebering_trefoil_twist, layout_basic,
          dreamdust_ecumenical_altar_hidden_monk_grotto, serial_shops, shop,
          minmay_misc_feat_encased
D:2:      layout_basic, uniq_natasha, uniq_terence
D:3:      layout_basic, mainiacjoe_overflow_boulevard, uniq_jessica
D:4:      layout_layer_cave, led_xom_imps, zin_statuary
D:5:      layout_rooms

Skill      XL: |  1  2  3  4  5  6  7 |
---------------+----------------------+-----
Armour         | 4 5 6 |  6.6
Fighting       | 4 5 6 |  6.6
Shields        | 4 5 6 |  6.6
Axes           | 3 4 5 |  5.9

Action                     |  1- 3 |  4- 6 |  7- 9 || total
---------------------------+-------+-------+-------++-------
  Melee: War axe           |    55 |   117 |    78 ||   250
         Headbutt          |     6 |    14 |    13 ||    33
    Use: Scroll            |       |     4 |     1 ||     5
 Armour: Scale mail        |    66 |    87 |    68 ||   221
  Dodge: Dodged            |    33 |    54 |    27 ||   114
  Block: Buckler           |    11 |    23 |    16 ||    50

Table legend: (Time is in decaauts)
 A = Elapsed time spent in this place.
 B = Non-inter-level travel time spent in this place.
 C = Inter-level travel time spent in this place.
 D = Time resting spent in this place.
 E = Time spent auto-exploring this place.
 F = Levels seen in this place.
 G = Mean time per level.
                   A        B        C        D        E       F      G
               +--------+--------+--------+--------+--------+-----+--------+
         Total |   4250 |   4019 |    231 |    418 |   2929 |   5 |  850.0 |
       Dungeon |   4250 |   4019 |    231 |    418 |   2929 |   5 |  850.0 |
               +--------+--------+--------+--------+--------+-----+--------+

Top non-repeatable levels by time:
     D:4: 1284 daAuts
     D:3: 1020 daAuts
     D:1: 927 daAuts
     D:2: 709 daAuts
     D:5: 309 daAuts
